 Dungeon Crawl Stone Soup version 0.30-a0-779-g7971cf19c3 (webtiles) character file.

Game seed: 12945460526594681007

68 Anon1729 the Ducker (level 4, -5/40 HPs)
             Began as a Meteoran Monk on Feb 17, 2023.
             Was a Believer of Cheibriados.
             Constricted to death by Natasha (6 damage)
             ... on level 4 of the Dungeon.
             The game lasted 00:04:21 (676 turns).

Anon1729 the Ducker (Meteoran Monk)                  Turns: 676, Time: 00:04:22

Health: -5/40      AC:  2    Str: 16    XL:     4   Next: 68%
Magic:  5/5        EV: 12    Int: 17    God:    Cheibriados [**....]
Gold:   50         SH:  0    Dex: 21    Spells: 3/3 levels left

rFire   . . .      SeeInvis .      - Unarmed
rCold   . . .      Faith    .    (no shield)
rNeg    . . .      Spirit   .    a - +0 robe
rPois   .          Reflect  .    (no helmet)
rElec   .          Harm     .    (no cloak)
rCorr   .          Rampage  .    (no gloves)
Will    .....                    (no boots)
Stlth   +                        (no amulet)
HPRegen 0.26/turn                (no ring)
MPRegen 0.09/turn                (no ring)

@: grasped by roots, glowing, constricted, invisible (but backlit and visible),
very slow
A: sense surroundings 1, otherworldly, glowing, explore regen
a: Renounce Religion, Bend Time


You were on level 4 of the Dungeon.
You worshipped Cheibriados.
Cheibriados was pleased with you.
You visited 1 branch of the dungeon, and saw 4 of its levels.

You collected 50 gold pieces.

Inventory:

Missiles
 f - 4 javelins (quivered)
Armour
 a - a +0 robe (worn)
Wands
 j - a wand of roots (8)
Scrolls
 c - a scroll of enchant weapon {unknown}
 h - a scroll of teleportation {unknown}
 k - a scroll of fear {unknown}
 l - 2 scrolls of identify {unknown}
Potions
 b - a potion of ambrosia
 d - 2 potions of attraction
 i - a potion of haste {unknown}


   Skills:
 + Level 3.9 Fighting
 + Level 4.3 Dodging
 - Level 1.6 Stealth
 + Level 4.3 Unarmed Combat
 + Level 1.6 Transmutations


You had 3 spell levels left.
You didn't know any spells.
Your spell library contained the following spells:

 Spells                   Type           Power      Damage    Failure   Level
 Anguish                  Hex/Necr       0%         N/A       93%         4
 Enfeeble                 Hex            0%         N/A       100%        7


Dungeon Overview and Level Annotations

Branches:
Dungeon (4/15) Zot: 2600
 Temple: D:4-7

Altars:
Cheibriados
Ru

Shops:
D:4 (

Annotations:
D:4 Natasha


Innate Abilities, Weirdness & Mutations

You passively map a small area around you.
You are easily found by Zot.
You glow in the dark.
You regain HP and MP as you explore.


Message History

You hit the sky beast.
The sky beast is heavily wounded.
The sky beast flickers out of sight!
Deactivating autopickup; reactivate with Ctrl-A.
Something barely misses you.
You closely miss something. Something hits you. Something shocks you.
You barely miss something. Something hits you. Something shocks you.
Aiming: Fastroot
Press: ? - help, Shift-Dir - straight line The roots erupt in riotous growth!
A sky beast appears from thin air!
Reactivating autopickup.
The sky beast hits you. The sky beast shocks you.
You hit the sky beast.
The sky beast is severely wounded.
Natasha, Servant of Life and Death comes into view.
She is carrying a wand of roots (4).
The sky beast hits you. The sky beast shocks you.
You closely miss the sky beast.
The sky beast is severely wounded.
Natasha zaps a wand.
The roots erupt in riotous growth!
The grasping roots grab you!
The sky beast is unaffected.
The grasping roots constrict you!
* * * LOW HITPOINT WARNING * * *
Okay, then.
It was a potion of attraction.
You feel attractive to monsters. The sky beast misses you.
The grasping roots constrict you.
* * * LOW HITPOINT WARNING * * *
Natasha is attracted toward you.
It was a potion of cancellation.
Your magical effects are unravelling.
You feel magically purged. The sky beast barely misses you.
Natasha claws you but does no damage. The grasping roots constrict you.
* * * LOW HITPOINT WARNING * * *
You feel less attractive to monsters.
It was a potion of invisibility.
You become transparent, but the glow from your body prevents you from becoming completely invisible.
The sky beast barely misses you.
Natasha mewls in sadness.
Natasha closely misses you. The grasping roots constrict you.
You die...

* * ##.## , ...* * ,
._. ,,, , ... , , ,
,##.## * * *, ,, ... ,
* #.####.####.# ,
#....h@Y$..$###########
*
######.######.)........
* #..#.# ########### ,
#####...##########
...........##....## *
#########.........###
#####..##...## #
####....†### #.......#.


You could see a sky beast and Natasha.

Vanquished Creatures
  Jessica (D:3)
  An adder (D:2)
  A worm (D:3)
  2 dart slugs
  An orc (D:4)
  2 bats
  3 endoplasms
  A giant cockroach (D:2)
  2 goblins (D:1)
  3 hobgoblins
  A quokka (D:4)
  2 ball pythons
  2 frilled lizards
  3 rats (D:1)
25 creatures vanquished.

Notes
Turn   | Place    | Note
-------+----------+-------------------------------------------
     0 | D:1      | Anon1729 the Meteoran Monk began the quest for the Orb.
     0 | D:1      | Reached XP level 1. HP: 19/19 MP: 2/2
    66 | D:1      | Reached XP level 2. HP: 23/26 MP: 3/3
   317 | D:3      | Reached XP level 3. HP: 30/31 MP: 4/4
   337 | D:3      | Found a faded altar of an unknown god.
   365 | D:3      | Noticed Jessica
   382 | D:3      | Killed Jessica
   383 | D:3      | Reached skill level 1 in Transmutations
   383 | D:3      | Reached XP level 4. HP: 15/40 MP: 5/5
   576 | D:4      | Found a snail-covered altar of Cheibriados.
   594 | D:4      | Identified the +1 ring mail of the Game Afoot {-Cast Harm
                  | rElec Stlth+}
   610 | D:4      | Became a worshipper of Cheibriados the Contemplative
   610 | D:4      | Reached * piety under Cheibriados
   610 | D:4      | Reached ** piety under Cheibriados
   641 | D:4      | Found Vabeveho's Weapon Boutique.
   663 | D:4      | Found a sacrificial altar of Ru.
   664 | D:4      | Noticed a sky beast
   672 | D:4      | Noticed Natasha
   675 | D:4      | HP: 1/40 [constriction (3)]
   676 | D:4      | Constricted to death by Natasha

Illustrated notes

Levels and vault maps discovered:
D:1:      mainiacjoe_arrival_reflecting_pool, layout_loops_ring, serial_shops,
          nicolae_square_shop
D:2:      layout_loops_corners
D:3:      layout_loops_ring, grunt_gozag_statues,
          hellmonk_ecumenical_altar_arch_garden, uniq_jessica
D:4:      layout_rooms, overflow_temple_1_default,
          nicolae_ru_sacrificial_ziggurat, zin_purify, kennysheep_slug_shrine,
          serial_shops, nicolae_shop_bloodbath_and_beyond, uniq_natasha

Skill      XL: |  1  2  3 |
---------------+----------+-----
Unarmed Combat | 4 |  4.3
Dodging        | 4 |  4.3
Transmutations | 1 |  1.6
Fighting       | |  3.9
Stealth        | |  1.6

Action                     |  1- 3 |  4- 6 || total
---------------------------+-------+-------++-------
  Melee: Unarmed           |    57 |    41 ||    98
         Punch             |       |     1 ||     1
  Evoke: Wand              |       |     2 ||     2
    Use: Potion            |       |     3 ||     3
 Armour: Robe              |    10 |     5 ||    15
  Dodge: Dodged            |    21 |    39 ||    60

Table legend: (Time is in decaauts)
 A = Elapsed time spent in this place.
 B = Non-inter-level travel time spent in this place.
 C = Inter-level travel time spent in this place.
 D = Time resting spent in this place.
 E = Time spent auto-exploring this place.
 F = Levels seen in this place.
 G = Mean time per level.
                   A        B        C        D        E       F      G
               +--------+--------+--------+--------+--------+-----+--------+
         Total |    695 |    695 |      0 |      0 |      6 |   4 |  173.8 |
       Dungeon |    695 |    695 |      0 |      0 |      6 |   4 |  173.8 |
               +--------+--------+--------+--------+--------+-----+--------+

Top non-repeatable levels by time:
     D:2: 249 daAuts
     D:1: 216 daAuts
     D:4: 125 daAuts
     D:3: 104 daAuts
